[Event "Titled Tuesday Blitz February 22 Early 2022"]
[White "Magallanes, Rey Jomar"]
[Black "Kirillov, Dmitry"]
[WhiteFideId "5205948"]
[BlackFideId "34180572"]
[WhiteElo "2231"]
[BlackElo "2076"]
[Result "1/2-1/2"]
[Round "09"]
[TimeControl "180+1"]
[Date "2022.02.22"]
[WhiteClock "0:00:14"]
[BlackClock "0:00:25"]

1. e4 c5 2. Nf3 e6 3. d4 cxd4 4. Nxd4 Nf6 5. Nc3 Nc6 6. Be3 Bb4 7. f3 d5 8. Bd3 Nxd4 9. Bxd4 dxe4 10. Bxe4 Nxe4 11. fxe4 O-O 12. O-O Qc7 13. a3 Bc5 14. Nb5 Bxd4+ 15. Qxd4 Qc6 16. Nc3 b6 17. Rad1 Bb7 18. Qd7 Qc5+ 19. Qd4 Qg5 20. Qf2 Ba6 21. Rfe1 Rad8 22. e5 Rxd1 23. Nxd1 Rd8 24. Nc3 Rd2 25. Qf3 Qd8 26. Ne4 Re2 27. Rxe2 Qd1+ 28. Kf2 Bxe2 29. Qxe2 Qd4+ 30. Qe3 Qxe5 31. c3 g6 32. Qd4 Qf4+ 33. Ke2 Qg4+ 34. Kd3 Qd1+ 35. Kc4 Qa4+ 36. b4 Qc6+ 37. Kb3 h6 38. Nf6+ Kf8 39. Nd7+ Kg8 40. Ne5 Qc7 41. Nd7 Qc6 42. Nf6+ Kf8 43. Qd8+ Kg7 44. Qd4 e5 45. Qxe5 Qxf6 46. Qxf6+ Kxf6 47. c4 Ke5 48. c5 bxc5 49. bxc5 Kd5 50. Kb4 Kc6 51. Kc4 f5 52. a4 a5 53. g3 g5 54. Kd4 f4 55. gxf4 gxf4 56. Ke4 Kxc5 57. Kxf4 Kb4 58. Kf5 Kxa4 59. Kg6 Kb5 60. Kxh6 a4 61. h4 a3 62. Kg5 a2 63. h5 a1=Q 64. h6 Qh8 65. h7 Kc6 66. Kg6 Kd6 67. Kh6 Ke6 68. Kg6 Ke7 69. Kh6 Ke6 70. Kh5 Kf6 71. Kh6 Qxh7+ 72. Kxh7 1/2-1/2


[Site "https://www.chess.com"]

[Event "Titled Tuesday Blitz February 22 Early 2022"]
[White "Makhnev, Denis"]
[Black "FGHSMN"]
[WhiteFideId "13707647"]
[WhiteElo "2491"]
[BlackElo "2804"]
[Result "1-0"]
[Round "09"]
[TimeControl "180+1"]
[Date "2022.02.22"]
[WhiteClock "0:00:17"]
[BlackClock "0:00:03"]

1. d4 d5 2. c4 e6 3. Nf3 a6 4. cxd5 exd5 5. Nc3 c6 6. g3 Nf6 7. Bg2 Be7 8. O-O O-O 9. Ne5 Bf5 10. Qb3 Ra7 11. Rd1 Nbd7 12. Nd3 Bd6 13. Bf4 Bxf4 14. Nxf4 Ne8 15. f3 Nd6 16. e4 dxe4 17. fxe4 Bg4 18. Re1 c5 19. h3 cxd4 20. Nb1 g5 21. hxg4 gxf4 22. gxf4 Qh4 23. Nd2 Qxg4 24. Rf1 Kh8 25. Qd5 Nb5 26. a4 Rg8 27. Rf2 Raa8 28. axb5 Rad8 29. Qxd4+ f6 30. bxa6 bxa6 31. Qd6 Qg7 32. Qa3 Nb6 33. Qf3 Nc8 34. Nf1 Ne7 35. Rd1 Ng6 36. Rxd8 Rxd8 37. Qg3 Rg8 38. f5 Ne5 39. Qxg7+ Kxg7 40. Ne3 Kh6 41. Kf1 Kg5 42. Nd5 Rc8 43. Bf3 Rc1+ 44. Kg2 h5 45. Be2 h4 46. Nf4 Rc2 47. Ne6+ Kh6 48. Bxa6 h3+ 49. Kg3 Rc6 50. Bf1 Rb6 51. Kxh3 Rb3+ 52. Kg2 Ng4 53. Re2 Ne3+ 54. Kf2 Nd1+ 55. Ke1 1-0


[Site "https://www.chess.com"]

[Event "Titled Tuesday Blitz February 22 Early 2022"]
[White "Manelyuk, Daniil"]
[Black "Eynullayev, Atilla"]
[WhiteFideId "44173920"]
[BlackFideId "13413570"]
[WhiteElo "2222"]
[BlackElo "1979"]
[Result "0-1"]
[Round "09"]
[TimeControl "180+1"]
[Date "2022.02.22"]
[WhiteClock "0:00:02"]
[BlackClock "0:00:04"]

1. e4 c5 2. Nf3 e6 3. c4 Nc6 4. Nc3 Nd4 5. Bd3 Ne7 6. Nxd4 cxd4 7. Ne2 Nc6 8. Bc2 Rb8 9. a4 a6 10. O-O b5 11. axb5 axb5 12. cxb5 Rxb5 13. Ba4 Rb8 14. d3 Bc5 15. Bf4 Rxb2 16. Qc1 Qb6 17. Bc7 Qb4 18. Bd1 O-O 19. Ra4 Qb5 20. Rc4 d6 21. Ba4 Qb7 22. Bxc6 Qxc6 23. Qxb2 Qxc7 24. Nxd4 Ba6 25. Nb5 Qd7 26. Rb1 Rb8 27. Ra4 Qc6 28. d4 Bxd4 0-1


[Site "https://www.chess.com"]

[Event "Titled Tuesday Blitz February 22 Early 2022"]
[White "Manukian, Artak"]
[Black "Tasev, Dejan"]
[WhiteFideId "13301373"]
[BlackFideId "936618"]
[WhiteElo "2495"]
[BlackElo "2253"]
[Result "1-0"]
[Round "09"]
[TimeControl "180+1"]
[Date "2022.02.22"]
[WhiteClock "0:00:04"]
[BlackClock "0:00:23"]

1. e4 c6 2. d4 d5 3. e5 Bf5 4. c4 e6 5. Nc3 Ne7 6. Nf3 h6 7. Qb3 Qb6 8. c5 Qc7 9. h3 g5 10. Ne2 Nd7 11. Ng3 Bg6 12. Bd3 b6 13. cxb6 axb6 14. Be3 c5 15. Bb5 c4 16. Qd1 Nc6 17. O-O Nb4 18. a4 Be7 19. Qd2 Nc2 20. Rac1 Nxe3 21. Qxe3 O-O 22. b3 Ba3 23. bxc4 Bxc1 24. Rxc1 Rfc8 25. h4 dxc4 26. Rxc4 Qxc4 27. Bxc4 Rxc4 28. hxg5 h5 29. Ne4 Raxa4 30. Nf6+ Nxf6 31. gxf6 Kf8 32. Qh6+ Ke8 33. Qh8+ Kd7 34. Qb8 Rc7 35. Qxb6 Ra1+ 36. Kh2 Ra2 37. Qd6+ Kc8 38. Qf8+ Kb7 39. Qb4+ Ka7 40. d5 exd5 41. Nd4 Rc4 42. Qe7+ Ka6 43. e6 Rxd4 44. exf7 Rh4+ 45. Kg3 Rg4+ 46. Kf3 Be4+ 47. Ke3 d4+ 48. Kxd4 Bb7+ 49. Kc3 Rxf2 50. f8=Q Rff4 51. Qd6+ Ka7 52. Qc5+ Ka6 53. Qfd6+ 1-0


[Site "https://www.chess.com"]

[Event "Titled Tuesday Blitz February 22 Early 2022"]
[White "Manukyan, Artyom"]
[Black "Barrientos, Sergio E"]
[WhiteFideId "13305786"]
[BlackFideId "4401824"]
[WhiteElo "2034"]
[BlackElo "2441"]
[Result "1/2-1/2"]
[Round "09"]
[TimeControl "180+1"]
[Date "2022.02.22"]
[WhiteClock "0:00:04"]
[BlackClock "0:00:11"]

1. e4 c6 2. d4 d5 3. exd5 cxd5 4. Bd3 Nc6 5. c3 Qc7 6. Ne2 Bg4 7. O-O e6 8. Qe1 Bd6 9. f3 Bh5 10. Qh4 Nf6 11. Bg5 Bg6 12. Bxg6 fxg6 13. Nd2 O-O 14. Rae1 h6 15. Bf4 g5 16. Bxd6 Qxd6 17. Qg3 Qd7 18. Nc1 Nh5 19. Qf2 Nf4 20. Qe3 Rae8 21. Nd3 Qd6 22. Nxf4 Rxf4 23. Re2 Rf6 24. Rfe1 Ne7 25. Qe5 Qb6 26. Nf1 Ng6 27. Qe3 Nf4 28. Rd2 a5 29. Ng3 a4 30. Ne2 Ng6 31. Nc1 Kh8 32. Nd3 a3 33. b4 Qc7 34. Rc2 b6 35. Ne5 Nf4 36. b5 Ra8 37. Nc6 Ra4 38. Ne5 Ra5 39. g3 Ng6 40. Ng4 Rf7 41. Ne5 Nxe5 42. Qxe5 Qxe5 43. Rxe5 Rxb5 44. Kg2 Rb2 45. Ree2 Rxc2 46. Rxc2 Rc7 47. Kf2 b5 48. Ke3 b4 49. Kd3 bxc3 50. Rxc3 Ra7 51. Rc6 Rb7 52. Ra6 Rb2 53. Rxa3 Rxh2 54. Ke3 h5 55. Ra6 Kh7 56. Rxe6 Rxa2 57. Re5 Kh6 58. Rxd5 h4 59. gxh4 gxh4 60. Kf4 Rg2 61. Rd6+ Kh5 62. Rd5+ g5+ 63. Ke3 h3 64. Rd8 Kh4 65. d5 Kg3 66. d6 Rg1 67. Ke2 Rg2+ 68. Ke3 Rf2 69. Rf8 Rf1 70. d7 Rd1 71. d8=Q Rxd8 72. Rxd8 h2 73. Rh8 Kg2 74. Ke4 h1=Q 75. Rxh1 Kxh1 76. Kf5 Kg2 77. Kg4 Kf2 78. Kxg5 Kxf3 1/2-1/2


[Site "https://www.chess.com"]

[Event "Titled Tuesday Blitz February 22 Early 2022"]
[White "Martin, Lewis"]
[Black "Pires, Marcos Vinicius Torsani"]
[WhiteFideId "410551"]
[BlackFideId "2118939"]
[WhiteElo "2145"]
[BlackElo "2273"]
[Result "0-1"]
[Round "09"]
[TimeControl "180+1"]
[Date "2022.02.22"]
[WhiteClock "0:00:04"]
[BlackClock "0:00:15"]

1. e4 c5 2. Nf3 g6 3. d4 cxd4 4. Nxd4 Nc6 5. Nc3 Bg7 6. Be3 Nf6 7. Be2 O-O 8. Nb3 a5 9. a3 a4 10. Nc5 d6 11. N5xa4 Nxe4 12. Nxe4 Rxa4 13. Nc3 Ra8 14. O-O Bf5 15. Qd2 Qa5 16. Bh6 Rfc8 17. Bxg7 Kxg7 18. Rad1 Kg8 19. Rfe1 Ne5 20. Qe3 Qc5 21. Qxc5 Rxc5 22. Rd2 Rac8 23. h3 Kf8 24. g4 Be6 25. f4 Nc4 26. Bxc4 Rxc4 27. Rf1 Bd7 28. Kg2 b5 29. Kg3 b4 30. axb4 Rxb4 31. Nd1 Ba4 32. c3 Rb7 33. Ne3 Rcb8 34. Rff2 Bb3 35. f5 Kg7 36. fxg6 hxg6 37. h4 Rb5 38. c4 Rc5 39. Nd5 e6 40. Ne3 Bxc4 41. Rxd6 Rb3 42. Kf4 e5+ 43. Ke4 Be6 44. Rxe6 fxe6 45. Rd2 Rb4+ 46. Kf3 Rcb5 47. Rd7+ Kf8 48. Rd6 Rb6 49. Rd8+ Ke7 50. Rg8 Kf7 51. Rc8 Rxb2 52. g5 R6b3 53. Ke4 Re2 54. Rc7+ Ke8 55. Kxe5 Rbxe3+ 56. Kf6 Rh3 57. Rc8+ Kd7 58. Rh8 Re4 59. Rh7+ Kd6 60. Kxg6 Rexh4 61. Rf7 Rg4 0-1


[Site "https://www.chess.com"]

[Event "Titled Tuesday Blitz February 22 Early 2022"]
[White "Martinez, Shawn"]
[Black "Gracia Alvarez, Gerardo Antonio"]
[WhiteFideId "2039770"]
[BlackFideId "5109124"]
[WhiteElo "2174"]
[BlackElo "2139"]
[Result "0-1"]
[Round "09"]
[TimeControl "180+1"]
[Date "2022.02.22"]
[WhiteClock "0:01:16"]
[BlackClock "0:01:03"]

1. e4 c5 2. Nc3 Nc6 3. Bb5 Nd4 4. Nf3 a6 5. Bd3 g6 6. O-O Bg7 7. b3 d6 8. h3 Nxf3+ 9. Qxf3 Nf6 10. Bb2 Nd7 11. Qg3 O-O 12. Rfe1 b5 13. f4 Bb7 14. Rf1 Qb6 15. Qf2 Bd4 16. Qxd4 cxd4 17. Ne2 e5 18. f5 Nc5 19. Ng3 Nxd3 20. cxd3 Rac8 21. Rae1 Rc2 22. Bc1 Rxa2 23. h4 a5 24. h5 a4 25. h6 axb3 26. fxg6 hxg6 27. Nf5 gxf5 28. Rxf5 f6 29. Kf2 Kh7 30. Rh1 Ra1 31. g3 Qc6 0-1


[Site "https://www.chess.com"]

[Event "Titled Tuesday Blitz February 22 Early 2022"]
[White "Martins, Bruno Andre Leite"]
[Black "Begunov, Konstantin"]
[WhiteFideId "1942255"]
[BlackFideId "4118510"]
[WhiteElo "2137"]
[BlackElo "2262"]
[Result "1/2-1/2"]
[Round "09"]
[TimeControl "180+1"]
[Date "2022.02.22"]
[WhiteClock "0:00:05"]
[BlackClock "0:00:11"]

1. e4 c5 2. Nf3 d6 3. d4 cxd4 4. Nxd4 Nf6 5. Nc3 a6 6. Bd3 e5 7. Nf5 Bxf5 8. exf5 h6 9. Bc4 Be7 10. O-O O-O 11. a4 Nc6 12. Be3 Nb4 13. Nd5 Nfxd5 14. Bxd5 Nxd5 15. Qxd5 Qc7 16. c4 Qc6 17. Rfd1 Rfc8 18. b3 Qxd5 19. Rxd5 Kf8 20. Kf1 Ke8 21. Ke2 Rc6 22. Kd3 Bg5 23. Ke4 Bxe3 24. fxe3 Ke7 25. g4 Rac8 26. h4 Rb6 27. Rb1 Rxc4+ 28. bxc4 Rxb1 29. c5 Rb4+ 30. Kf3 dxc5 31. Rxc5 Kd6 32. Rc8 h5 33. g5 Rxh4 34. Rg8 e4+ 35. Kf2 Ke5 36. Rxg7 Kxf5 37. Rxf7+ Kxg5 38. Rg7+ Kf5 39. Rf7+ Ke5 40. Re7+ Kd5 41. Rxb7 Rh2+ 42. Kg3 Re2 43. Rb6 Rxe3+ 44. Kf2 Ra3 45. Rxa6 h4 46. Rh6 h3 47. a5 h2 48. Rxh2 Kd4 49. Rh8 Ra2+ 50. Kf1 Rxa5 51. Rh3 Ra2 52. Ke1 Rg2 53. Ra3 Ke5 54. Rb3 Kf4 55. Ra3 Rc2 56. Rb3 Ke5 57. Rh3 Kd4 58. Ra3 Rc4 59. Rh3 Rb4 60. Ra3 Ke5 61. Rh3 Rd4 62. Ra3 Kf4 63. Rb3 Rc4 64. Ke2 Rc2+ 65. Ke1 e3 66. Rb8 Kf3 67. Rf8+ Ke4 68. Re8+ Kd3 69. Rd8+ Ke4 70. Re8+ Kf3 71. Rf8+ Ke4 72. Re8+ 1/2-1/2


[Site "https://www.chess.com"]

[Event "Titled Tuesday Blitz February 22 Early 2022"]
[White "Matveeva, Olga"]
[Black "Lonoff, Marc"]
[WhiteFideId "24107018"]
[BlackFideId "2001349"]
[WhiteElo "2083"]
[BlackElo "2245"]
[Result "1/2-1/2"]
[Round "09"]
[TimeControl "180+1"]
[Date "2022.02.22"]
[WhiteClock "0:00:16"]
[BlackClock "0:01:04"]

1. e4 e6 2. d4 d5 3. Nd2 Nc6 4. Ngf3 Nf6 5. e5 Nd7 6. Nb3 a5 7. a4 b6 8. c3 Ba6 9. Bxa6 Rxa6 10. h4 Ra8 11. h5 h6 12. Nh4 Be7 13. Qg4 Bg5 14. f4 Bxh4+ 15. Rxh4 Rg8 16. Rh3 Ne7 17. Qf3 Nf8 18. g4 Qd7 19. Be3 Kd8 20. Rh2 Kc8 21. Rf2 Kb7 22. Kd2 f5 23. exf6 gxf6 24. f5 exf5 25. gxf5 Nh7 26. Bxh6 Ng5 27. Bxg5 Rxg5 28. h6 Rh8 29. Qh3 Rxf5 30. Rxf5 Qxf5 31. Qxf5 Nxf5 32. Rf1 Nd6 33. Rh1 Rh7 34. Ke3 Rxh6 35. Rxh6 Nf5+ 36. Kf4 Nxh6 37. Nd2 c5 38. Nf3 Kc6 39. Nh4 Kd6 40. Ng6 cxd4 41. cxd4 Ke6 42. Nf8+ Ke7 43. Ng6+ Kf7 44. Nh4 Ke6 45. Ng6 Nf7 46. Nf8+ Ke7 47. Ng6+ Ke6 48. Nf8+ Ke7 49. Ng6+ Ke6 1/2-1/2


[Site "https://www.chess.com"]

[Event "Titled Tuesday Blitz February 22 Early 2022"]
[White "Mayaud, Raphael"]
[Black "Osiecki, Stanislaw"]
[WhiteFideId "627151"]
[BlackFideId "1102990"]
[WhiteElo "2191"]
[BlackElo "2127"]
[Result "1/2-1/2"]
[Round "09"]
[TimeControl "180+1"]
[Date "2022.02.22"]
[WhiteClock "0:00:10"]
[BlackClock "0:00:06"]

1. d4 Nf6 2. Bg5 h6 3. Bxf6 exf6 4. e3 d5 5. g3 Bd6 6. Bg2 c6 7. Ne2 O-O 8. Nd2 Bf5 9. c4 dxc4 10. Nxc4 Bc7 11. O-O Qd7 12. Re1 Bh3 13. Bh1 Bg4 14. Qc2 Bh5 15. Nc3 Bg6 16. Qb3 Na6 17. Qxb7 Qc8 18. Bxc6 Rb8 19. Qxc8 Rfxc8 20. d5 Bd3 21. b3 Nb4 22. Red1 Bxc4 23. bxc4 Be5 24. Rac1 Nxc6 25. dxc6 Rxc6 26. Nd5 Kh7 27. Rc2 Rbc8 28. Rdc1 Bd6 29. Rc3 Be5 30. R3c2 Bd6 31. Rc3 Be5 32. Rb3 Rxc4 33. Rxc4 Rxc4 34. Rb7 Ra4 35. Rxf7 Rxa2 36. f4 Bb2 37. f5 Ra5 38. e4 Bd4+ 39. Kg2 Bc5 40. Nf4 Ra2+ 41. Kf3 h5 42. g4 hxg4+ 43. Kxg4 Rxh2 44. Ng6 Rg2+ 45. Kf3 Rf2+ 46. Kg3 Re2 47. Rc7 Re3+ 48. Kg2 Re2+ 49. Kh3 Re3+ 50. Kg4 Rxe4+ 51. Kf3 Re3+ 52. Kg4 Re4+ 53. Kf3 Re3+ 54. Kg4 Re4+ 1/2-1/2


[Site "https://www.chess.com"]

[Event "Titled Tuesday Blitz February 22 Early 2022"]
[White "Maze, Sebastien"]
[Black "Sarana, Alexey"]
[WhiteFideId "613762"]
[BlackFideId "24133795"]
[WhiteElo "2462"]
[BlackElo "2665"]
[Result "0-1"]
[Round "09"]
[TimeControl "180+1"]
[Date "2022.02.22"]
[WhiteClock "0:00:07"]
[BlackClock "0:01:07"]

1. e4 c5 2. Nf3 d6 3. Bb5+ Bd7 4. Bxd7+ Nxd7 5. O-O e6 6. Qe2 Be7 7. Rd1 Ngf6 8. d4 cxd4 9. Nxd4 a6 10. c4 Qc7 11. b3 O-O 12. Bb2 Rfc8 13. Nc3 Qa5 14. Rac1 Ne5 15. f4 Nc6 16. Nxc6 bxc6 17. e5 Ne8 18. exd6 Nxd6 19. Na4 Nf5 20. g3 Rd8 21. Kg2 Qc7 22. Qe4 c5 23. Be5 Qa5 24. Bc3 Qc7 25. Be5 Bd6 26. Bc3 Rac8 27. Re1 h5 28. Rcd1 Be7 29. Be5 Qa5 30. Bc3 Qc7 31. Be5 Qa7 32. Qf3 g6 33. Kf1 Nd4 34. Qe4 Rd7 35. Bxd4 cxd4 36. Rd3 Rcd8 37. Rc1 Ba3 38. Rc2 Qc7 39. c5 Rd5 40. Rc4 e5 41. Kg2 f5 42. Qe2 e4 43. Rd1 d3 44. Qe3 Qc6 45. h3 a5 46. g4 hxg4 47. hxg4 d2 48. gxf5 gxf5 49. Kf2 Rd3 50. Qe2 Rf3+ 51. Kg2 Qg6+ 52. Kh1 Rd7 53. Rg1 Rh7+ 54. Qh2 Qxg1+ 0-1


[Site "https://www.chess.com"]

[Event "Titled Tuesday Blitz February 22 Early 2022"]
[White "Medeiros Jr, Francisco De Assis"]
[Black "Bodnar, Nikolay"]
[WhiteFideId "2114267"]
[BlackFideId "14106469"]
[WhiteElo "1998"]
[BlackElo "2296"]
[Result "0-1"]
[Round "09"]
[TimeControl "180+1"]
[Date "2022.02.22"]
[WhiteClock "0:00:02"]
[BlackClock "0:01:34"]

1. d4 Nf6 2. Nf3 d5 3. Bg5 e6 4. Nbd2 Be7 5. e3 O-O 6. Bd3 c5 7. c3 Nc6 8. O-O b6 9. Ne5 Nxe5 10. dxe5 Nd7 11. Bxe7 Qxe7 12. f4 a5 13. Rf3 f5 14. g4 g6 15. Rh3 Ba6 16. Bxa6 Rxa6 17. Qe2 Ra7 18. gxf5 gxf5 19. Nf3 Kh8 20. Ng5 Rg8 21. Qh5 Nxe5 22. Kh1 Ng4 23. Rg1 Nf2+ 24. Kg2 Nxh3 25. Kxh3 Qf6 26. Rg3 Rag7 27. a4 e5 28. fxe5 Rxg5 29. exf6 Rxh5+ 30. Kg2 Rxg3+ 31. hxg3 Rh6 0-1


[Site "https://www.chess.com"]

[Event "Titled Tuesday Blitz February 22 Early 2022"]
[White "Mejia, Cherry Ann"]
[Black "Chojnacki, Slawomir"]
[WhiteFideId "5206880"]
[BlackFideId "1117076"]
[WhiteElo "2007"]
[BlackElo "2084"]
[Result "1/2-1/2"]
[Round "09"]
[TimeControl "180+1"]
[Date "2022.02.22"]
[WhiteClock "0:00:33"]
[BlackClock "0:00:16"]

1. e4 c6 2. d4 d5 3. Nd2 dxe4 4. Nxe4 Nf6 5. Nxf6+ gxf6 6. c3 Bf5 7. Bd3 Bg6 8. Ne2 e6 9. h4 Bd6 10. h5 Bxd3 11. Qxd3 Qc7 12. Bh6 f5 13. g3 Nd7 14. O-O-O O-O-O 15. c4 Qa5 16. Kb1 Rhg8 17. Bd2 Bb4 18. Qc2 Bxd2 19. Rxd2 Nf6 20. Rd3 Ne4 21. Ra3 Qd2 22. Rxa7 Qxc2+ 23. Kxc2 Nxf2 24. Rf1 Ne4 25. Rf3 Kb8 26. Rfa3 Kc7 27. c5 Rg5 28. Rb3 Rb8 29. a4 Rxh5 30. a5 Rh2 31. Kd1 Kc8 32. Rb6 Rh1+ 33. Kc2 Rh2 34. Kd1 Nf2+ 35. Ke1 Nd3+ 36. Kd2 Nc1 37. Kxc1 Rxe2 38. a6 bxa6 39. Rxc6+ Kd8 40. Rd6+ Ke8 41. Rdd7 Rbxb2 42. Re7+ Kf8 43. Rxf7+ Kg8 44. Rg7+ Kf8 45. Rgb7 Rec2+ 46. Kd1 Rd2+ 47. Kc1 Rdc2+ 48. Kd1 Rd2+ 49. Kc1 Rdc2+ 1/2-1/2


[Site "https://www.chess.com"]

[Event "Titled Tuesday Blitz February 22 Early 2022"]
[White "Melian, Juan Sebastian"]
[Black "Sargsyan, Anna M."]
[WhiteFideId "3706575"]
[BlackFideId "13308130"]
[WhiteElo "1842"]
[BlackElo "2271"]
[Result "1-0"]
[Round "09"]
[TimeControl "180+1"]
[Date "2022.02.22"]
[WhiteClock "0:00:13"]
[BlackClock "0:00:40"]

1. e4 c6 2. d4 d5 3. exd5 cxd5 4. Bd3 Nf6 5. c3 Nc6 6. Ne2 Bg4 7. O-O e6 8. Qe1 Bxe2 9. Qxe2 Bd6 10. f4 O-O 11. Be3 Ne4 12. Nd2 f5 13. Nf3 a6 14. Ne5 Qc7 15. Kh1 b5 16. g4 b4 17. gxf5 exf5 18. Rg1 bxc3 19. bxc3 Nxc3 20. Qh5 Ne4 21. Rg2 Nb4 22. Bxe4 dxe4 23. Rc1 Qd8 24. Rxg7+ Kxg7 25. Rg1+ Kf6 26. Qh6+ Ke7 27. Rg7+ Ke8 28. Qh5+ 1-0


[Site "https://www.chess.com"]

[Event "Titled Tuesday Blitz February 22 Early 2022"]
[White "Mikhailov, Viacheslav"]
[Black "Mekhitarian, Krikor Sevag"]
[WhiteFideId "4187369"]
[BlackFideId "2107660"]
[WhiteElo "2381"]
[BlackElo "2598"]
[Result "1-0"]
[Round "09"]
[TimeControl "180+1"]
[Date "2022.02.22"]
[WhiteClock "0:00:06"]
[BlackClock "0:00:07"]

1. Nf3 c5 2. g3 Nc6 3. d4 cxd4 4. Nxd4 g6 5. Bg2 Bg7 6. Nxc6 bxc6 7. O-O Rb8 8. Nc3 d5 9. Na4 Qa5 10. c4 Rb4 11. Bd2 Qxa4 12. Bxb4 Qxb4 13. cxd5 Nh6 14. dxc6 O-O 15. c7 Qxb2 16. Rc1 Nf5 17. e3 Nd6 18. Qa4 a6 19. Rb1 Qe5 20. Rb8 Nb5 21. Rc1 Qd6 22. Rc6 Qd7 23. Qc2 Be5 24. h4 Bxc7 25. Rxb5 axb5 26. Rxc7 Qd8 27. h5 Be6 28. h6 Qd6 29. Qc3 f6 30. Kh2 Bd7 31. Ra7 b4 32. Qc4+ Be6 33. Qa6 Qxa6 34. Rxa6 Bf7 35. Ra7 Re8 36. Bc6 Rc8 37. Ba4 Rb8 38. Bb3 Bxb3 39. axb3 Kf7 40. Kg2 g5 41. g4 Rb6 42. Kf3 Re6 43. Rb7 Kg6 44. Rxb4 Kxh6 45. Rb8 Kg7 46. b4 Ra6 47. b5 Ra4 48. b6 Rb4 49. Ke2 h6 50. f3 Rb3 51. Kd2 Kg6 52. Kc2 Rb5 53. Kc3 Kf7 54. Kc4 Rb1 55. Kc5 Rc1+ 56. Kb5 Rb1+ 57. Kc6 Rc1+ 58. Kb7 Rc3 59. Rh8 Kg7 60. Rc8 Rxe3 61. Rc7 Kf7 62. Kc8 Rxf3 63. b7 Rb3 64. b8=Q Rxb8+ 65. Kxb8 f5 66. gxf5 h5 67. Kb7 Kf6 68. Kb6 h4 69. Kc5 h3 70. Kd4 Kxf5 71. Ke3 h2 72. Rc1 Kg4 73. Kf2 Kh3 74. Rc3+ Kh4 75. Kg2 e5 76. Kxh2 e4 77. Re3 1-0


[Site "https://www.chess.com"]

[Event "Titled Tuesday Blitz February 22 Early 2022"]
[White "Mikhailovsky, Vladimir"]
[Black "Dushyant Sharma"]
[WhiteFideId "34105414"]
[BlackFideId "25065130"]
[WhiteElo "2371"]
[BlackElo "2012"]
[Result "1-0"]
[Round "09"]
[TimeControl "180+1"]
[Date "2022.02.22"]
[WhiteClock "0:01:46"]
[BlackClock "0:01:36"]

1. c4 e6 2. Nc3 d5 3. d4 c6 4. e4 dxe4 5. Nxe4 Bb4+ 6. Bd2 Qxd4 7. Bxb4 Qxe4+ 8. Ne2 Nf6 9. Qd6 Nd5 10. cxd5 exd5 11. O-O-O Bf5 12. Rd3 Qe6 13. Re3 Be4 14. f3 f5 1-0


[Site "https://www.chess.com"]

[Event "Titled Tuesday Blitz February 22 Early 2022"]
[White "Mohammad Fahad, Rahman"]
[Black "Matinian, Nikita"]
[WhiteFideId "10207791"]
[BlackFideId "24129100"]
[WhiteElo "2323"]
[BlackElo "2422"]
[Result "0-1"]
[Round "09"]
[TimeControl "180+1"]
[Date "2022.02.22"]
[WhiteClock "0:00:02"]
[BlackClock "0:01:37"]

1. d4 Nf6 2. c4 e6 3. Nf3 Bb4+ 4. Bd2 a5 5. a3 Bxd2+ 6. Qxd2 a4 7. Nc3 Nc6 8. e4 d6 9. Bd3 e5 10. dxe5 dxe5 11. Nd5 Bg4 12. Qg5 Nxd5 13. cxd5 Qxg5 14. Nxg5 Nd4 15. h3 Bd7 16. Nf3 Nxf3+ 17. gxf3 Ke7 18. Ke2 Kd6 19. h4 h5 20. Rac1 Ra5 21. Ke3 g6 22. Rc3 Rc5 23. Rxc5 Kxc5 24. f4 exf4+ 25. Kxf4 Re8 26. Ke3 c6 27. Rc1+ Kd6 28. Bc4 f5 29. f3 fxe4 30. fxe4 Bf5 31. dxc6 Rxe4+ 32. Kf3 bxc6 33. Kg3 Rg4+ 34. Kf3 Rxh4 35. Bf7 Rh2 36. Be8 Rc2 37. Rxc2 Bxc2 38. Kf4 Ke7 39. Bxc6 Kf6 40. Kg3 g5 41. Be8 h4+ 42. Kh2 Ke5 43. Bd7 Kf4 44. Kg2 g4 45. Kg1 Kg3 46. Bc8 h3 47. Bb7 Bd1 48. Bd5 Bf3 49. Bxf3 gxf3 50. Kf1 h2 51. b4 h1=Q# 0-1


[Site "https://www.chess.com"]

[Event "Titled Tuesday Blitz February 22 Early 2022"]
[White "Moiseenko, Alexander"]
[Black "Jumabayev, Rinat"]
[WhiteFideId "14102560"]
[BlackFideId "13702661"]
[WhiteElo "2577"]
[BlackElo "2561"]
[Result "1-0"]
[Round "09"]
[TimeControl "180+1"]
[Date "2022.02.22"]
[WhiteClock "0:00:04"]
[BlackClock "0:00:03"]

1. d4 Nf6 2. c4 e6 3. Nc3 Bb4 4. Nf3 b6 5. e3 O-O 6. Bd3 d5 7. cxd5 exd5 8. O-O Ba6 9. Bxa6 Nxa6 10. Qa4 Qc8 11. Bd2 Qb7 12. a3 Bd6 13. b4 Nb8 14. Rfc1 c6 15. Ne2 Rc8 16. b5 c5 17. dxc5 bxc5 18. Ng3 Bxg3 19. hxg3 Ne4 20. Be1 Nd7 21. Nd2 Ne5 22. Nxe4 dxe4 23. Rab1 c4 24. Bc3 Nd3 25. Rc2 a6 26. b6 Rc6 27. Bd4 Rac8 28. Rc3 h5 29. Qc2 Qd7 30. a4 a5 31. Rb5 Nb4 32. Qxe4 Na2 33. Rc2 Nb4 34. Rc3 Na2 35. b7 Rb8 36. Qe5 Qg4 37. Qxb8+ Kh7 38. Qf4 Qd1+ 39. Kh2 Nxc3 40. Bxc3 h4 41. Qxh4+ Rh6 42. Qxh6+ 1-0


[Site "https://www.chess.com"]

[Event "Titled Tuesday Blitz February 22 Early 2022"]
[White "Moksh Amit Doshi"]
[Black "Gaehwiler, Gabriel"]
[WhiteFideId "25064967"]
[BlackFideId "1314530"]
[WhiteElo "2245"]
[BlackElo "2383"]
[Result "0-1"]
[Round "09"]
[TimeControl "180+1"]
[Date "2022.02.22"]
[WhiteClock "0:00:13"]
[BlackClock "0:00:16"]

1. d4 Nf6 2. c4 g6 3. g3 Bg7 4. Bg2 O-O 5. Nc3 d6 6. Nf3 c6 7. O-O Bf5 8. Ng5 e5 9. e4 Bg4 10. f3 Bd7 11. d5 Qc8 12. f4 exf4 13. Bxf4 Bg4 14. Qd2 cxd5 15. cxd5 Ne8 16. Rac1 Na6 17. Nb5 Qd8 18. h3 Bd7 19. Nxd6 Nxd6 20. Bxd6 Qb6+ 21. Kh2 Qxd6 22. a3 Rae8 23. b4 h6 24. Nf3 Rxe4 25. Rfe1 Rxe1 26. Rxe1 Nc7 27. Qe3 b6 28. Rd1 Re8 29. Qd3 Bf5 30. Qc4 Be4 31. Ne1 Bxg2 32. Nxg2 Be5 33. Rd3 b5 34. Qc2 Qf6 35. h4 Bd6 36. Kh3 Qf5+ 37. Kh2 Re4 38. Qd2 Rxh4+ 39. Nxh4 Qg4 40. Ng2 h5 41. Qd1 Bxg3+ 42. Kg1 Qh3 43. d6 Qh2+ 44. Kf1 Qh1+ 45. Ke2 Qxg2+ 46. Ke3 Qf2+ 47. Ke4 Qf4# 0-1


[Site "https://www.chess.com"]

[Event "Titled Tuesday Blitz February 22 Early 2022"]
[White "Murzin, Volodar"]
[Black "Tregubov, Pavel V."]
[WhiteFideId "44155573"]
[BlackFideId "4115341"]
[WhiteElo "2585"]
[BlackElo "2341"]
[Result "1-0"]
[Round "09"]
[TimeControl "180+1"]
[Date "2022.02.22"]
[WhiteClock "0:02:10"]
[BlackClock "0:01:13"]

1. e4 e6 2. d3 c5 3. Nd2 Nc6 4. Ngf3 g6 5. g3 Bg7 6. Bg2 Nge7 7. O-O O-O 8. c3 d6 9. Re1 e5 10. a4 h6 11. Nc4 Be6 12. Bd2 Qd7 13. b4 Bh3 14. Bxh3 Qxh3 15. b5 Nd8 16. Nxd6 Qd7 17. Nc4 Qxd3 18. Nfxe5 Bxe5 19. Nxe5 Qd6 20. Bf4 Qxd1 21. Raxd1 g5 22. Be3 Ne6 23. Rd7 Rfe8 24. Rxb7 a6 25. Nd7 Kg7 26. Nxc5 1-0


[Site "https://www.chess.com"]

[Event "Titled Tuesday Blitz February 22 Early 2022"]
[White "Nakamura, Hikaru"]
[Black "Vokhidov, Shamsiddin"]
[WhiteFideId "2016192"]
[BlackFideId "14204223"]
[WhiteElo "2850"]
[BlackElo "2611"]
[Result "1-0"]
[Round "09"]
[TimeControl "180+1"]
[Date "2022.02.22"]
[WhiteClock "0:00:11"]
[BlackClock "0:00:02"]

1. Nf3 d5 2. b3 Nf6 3. Bb2 c6 4. e3 Bg4 5. d4 Nbd7 6. Nbd2 e6 7. Bd3 a5 8. a3 Bd6 9. c4 O-O 10. Qc2 Bh5 11. Ne5 Bg6 12. Nxg6 hxg6 13. c5 Bc7 14. f4 b6 15. cxb6 Bxb6 16. Qxc6 Ng4 17. Ke2 Rc8 18. Qb5 Rb8 19. Qa4 Bc7 20. Rac1 Nb6 21. Qc6 Bd6 22. Nf3 Nc4 23. Bxc4 dxc4 24. Qxc4 Qb6 25. Nd2 Rfc8 26. Qd3 Qb7 27. Rxc8+ Rxc8 28. Nf3 Rb8 29. Rc1 Nxh2 30. Rc3 Nxf3 31. gxf3 Qe7 32. Qc2 Bxa3 33. Rc8+ Rxc8 34. Qxc8+ Kh7 35. Bc3 Bb4 36. Kd3 Bxc3 37. Qxc3 Qa7 38. Qc4 Qb7 39. e4 Qb8 40. Ke3 Qd8 41. d5 exd5 42. exd5 Qe7+ 43. Kd3 Qe1 44. Qc3 Qd1+ 45. Kc4 a4 46. b4 Qe2+ 47. Kc5 Qa6 48. Qa3 Qc8+ 49. Kd4 Qa6 50. Kc5 Qc8+ 51. Kb5 Qb7+ 52. Kc4 Qc7+ 53. Kd3 Qxf4 54. Qxa4 Qxf3+ 55. Kc4 g5 56. Qc2+ g6 57. Qd3 Qf4+ 58. Qd4 Qc1+ 59. Kb5 Qf1+ 60. Kb6 Qf5 61. Kc7 g4 62. d6 g3 63. d7 g2 64. d8=Q 1-0


[Site "https://www.chess.com"]